Workbook

Sheet DEBOURSE
C2: Coefficient fixe | E2: 0.1 | F2: Aléa | G2: 0.01 | H2: Marge | I2: 0.01 | J2: Coefficient de vente | K2: =(1+E2)*(1+G2)*(1+I2) -> 1.12211
A4: Code | B4: Désignation | C4: Quantité | D4: Unité | E4: Prix Unitaire | F4: Prix Total | G4: Prix Unitaire Vendu | H4: Prix Total Vendu
A6: Titre 1 | B6: Texte 1 | C6: 1 | D6: U | E6: =SUM(F8:F11) -> 70 | F6: =E6*C6 -> 70 | G6: =E6*$K$2 -> 78.5477 | H6: =G6*C6 -> 78.5477 | J6: Tableau 1
B7: Texte à insérer | J7: MOC | K7: =SUMIF(Tableau1[#All],"MOC01",Tableau1[[#All],[Colonne3]])*C6 -> 6
A8: MOC01 | B8: =IF(Tableau1[[#This Row],[Colonne1]]="Code Article","",IF(Tableau1[[#This Row],[Colonne1]]="","",VLOOKUP(Tableau1[[#This Row],[Colonne1]],'BASE DE DONNEES'!$A$1:$D$1141,2,FALSE))) -> Mains d'œuvre Chantier | C8: 6 | D8: =IF(Tableau1[[#This Row],[Colonne1]]="Code Article","",IF(Tableau1[[#This Row],[Colonne1]]="","",VLOOKUP(Tableau1[[#This Row],[Colonne1]],'BASE DE DONNEES'!$A$1:$D$1141,3,FALSE))) -> h | E8: =IF(Tableau1[[#This Row],[Colonne1]]="Code Article","",IF(Tableau1[[#This Row],[Colonne1]]="","",VLOOKUP(Tableau1[[#This Row],[Colonne1]],'BASE DE DONNEES'!$A$1:$D$1141,4,FALSE))) -> 5 | F8: =IF(B8="","",C8*E8) -> 30 | J8: MOA | K8: =SUMIF(Tableau1[#All],"MOA01",Tableau1[[#All],[Colonne3]])*C6 -> 4
A9: MOA01 | B9: =IF(Tableau1[[#This Row],[Colonne1]]="Code Article","",IF(Tableau1[[#This Row],[Colonne1]]="","",VLOOKUP(Tableau1[[#This Row],[Colonne1]],'BASE DE DONNEES'!$A$1:$D$1141,2,FALSE))) -> Mains d'œuvre Atelier | C9: 4 | D9: =IF(Tableau1[[#This Row],[Colonne1]]="Code Article","",IF(Tableau1[[#This Row],[Colonne1]]="","",VLOOKUP(Tableau1[[#This Row],[Colonne1]],'BASE DE DONNEES'!$A$1:$D$1141,3,FALSE))) -> h | E9: =IF(Tableau1[[#This Row],[Colonne1]]="Code Article","",IF(Tableau1[[#This Row],[Colonne1]]="","",VLOOKUP(Tableau1[[#This Row],[Colonne1]],'BASE DE DONNEES'!$A$1:$D$1141,4,FALSE))) -> 5 | F9: =IF(B9="","",C9*E9) -> 20 | J9: MOF | K9: =SUMIF(Tableau1[#All],"MOF01",Tableau1[[#All],[Colonne3]])*C6 -> 3
A10: MOF01 | B10: =IF(Tableau1[[#This Row],[Colonne1]]="Code Article","",IF(Tableau1[[#This Row],[Colonne1]]="","",VLOOKUP(Tableau1[[#This Row],[Colonne1]],'BASE DE DONNEES'!$A$1:$D$1141,2,FALSE))) -> Mains d'œuvre Finition | C10: 3 | D10: =IF(Tableau1[[#This Row],[Colonne1]]="Code Article","",IF(Tableau1[[#This Row],[Colonne1]]="","",VLOOKUP(Tableau1[[#This Row],[Colonne1]],'BASE DE DONNEES'!$A$1:$D$1141,3,FALSE))) -> h | E10: =IF(Tableau1[[#This Row],[Colonne1]]="Code Article","",IF(Tableau1[[#This Row],[Colonne1]]="","",VLOOKUP(Tableau1[[#This Row],[Colonne1]],'BASE DE DONNEES'!$A$1:$D$1141,4,FALSE))) -> 5 | F10: =IF(B10="","",C10*E10) -> 15 | J10: MOBE | K10: =SUMIF(Tableau1[#All],"MOBE01",Tableau1[[#All],[Colonne3]])*C6 -> 1
A11: MOBE01 | B11: =IF(Tableau1[[#This Row],[Colonne1]]="Code Article","",IF(Tableau1[[#This Row],[Colonne1]]="","",VLOOKUP(Tableau1[[#This Row],[Colonne1]],'BASE DE DONNEES'!$A$1:$D$1141,2,FALSE))) -> Mains d'œuvre Bureau d'étude | C11: 1 | D11: =IF(Tableau1[[#This Row],[Colonne1]]="Code Article","",IF(Tableau1[[#This Row],[Colonne1]]="","",VLOOKUP(Tableau1[[#This Row],[Colonne1]],'BASE DE DONNEES'!$A$1:$D$1141,3,FALSE))) -> h | E11: =IF(Tableau1[[#This Row],[Colonne1]]="Code Article","",IF(Tableau1[[#This Row],[Colonne1]]="","",VLOOKUP(Tableau1[[#This Row],[Colonne1]],'BASE DE DONNEES'!$A$1:$D$1141,4,FALSE))) -> 5 | F11: =IF(B11="","",C11*E11) -> 5
A13: Titre 2 | B13: Texte 2 | C13: 4 | D13: U | E13: =SUM(F15:F18) -> 60 | F13: =E13*C13 -> 240 | G13: =E13*$K$2 -> 67.3266 | H13: =G13*C13 -> 269.3064 | J13: Tableau 2
B14: Texte à insérer | J14: MOC | K14: =SUMIF(Tableau19[#All],"MOC01",Tableau19[[#All],[Colonne3]])*C13 -> 24
A15: MOC01 | B15: =IF(Tableau19[[#This Row],[Colonne1]]="Code Article","",IF(Tableau19[[#This Row],[Colonne1]]="","",VLOOKUP(Tableau19[[#This Row],[Colonne1]],'BASE DE DONNEES'!$A$1:$D$1141,2,FALSE))) -> Mains d'œuvre Chantier | C15: 6 | D15: =IF(Tableau19[[#This Row],[Colonne1]]="Code Article","",IF(Tableau19[[#This Row],[Colonne1]]="","",VLOOKUP(Tableau19[[#This Row],[Colonne1]],'BASE DE DONNEES'!$A$1:$D$1141,3,FALSE))) -> h | E15: =IF(Tableau19[[#This Row],[Colonne1]]="Code Article","",IF(Tableau19[[#This Row],[Colonne1]]="","",VLOOKUP(Tableau19[[#This Row],[Colonne1]],'BASE DE DONNEES'!$A$1:$D$1141,4,FALSE))) -> 5 | F15: =IF(B15="","",C15*E15) -> 30 | J15: MOA | K15: =SUMIF(Tableau19[#All],"MOA01",Tableau19[[#All],[Colonne3]])*C13 -> 16
A16: MOA01 | B16: =IF(Tableau19[[#This Row],[Colonne1]]="Code Article","",IF(Tableau19[[#This Row],[Colonne1]]="","",VLOOKUP(Tableau19[[#This Row],[Colonne1]],'BASE DE DONNEES'!$A$1:$D$1141,2,FALSE))) -> Mains d'œuvre Atelier | C16: 4 | D16: =IF(Tableau19[[#This Row],[Colonne1]]="Code Article","",IF(Tableau19[[#This Row],[Colonne1]]="","",VLOOKUP(Tableau19[[#This Row],[Colonne1]],'BASE DE DONNEES'!$A$1:$D$1141,3,FALSE))) -> h | E16: =IF(Tableau19[[#This Row],[Colonne1]]="Code Article","",IF(Tableau19[[#This Row],[Colonne1]]="","",VLOOKUP(Tableau19[[#This Row],[Colonne1]],'BASE DE DONNEES'!$A$1:$D$1141,4,FALSE))) -> 5 | F16: =IF(B16="","",C16*E16) -> 20 | J16: MOF | K16: =SUMIF(Tableau19[#All],"MOF01",Tableau19[[#All],[Colonne3]])*C13 -> 8
A17: MOF01 | B17: =IF(Tableau19[[#This Row],[Colonne1]]="Code Article","",IF(Tableau19[[#This Row],[Colonne1]]="","",VLOOKUP(Tableau19[[#This Row],[Colonne1]],'BASE DE DONNEES'!$A$1:$D$1141,2,FALSE))) -> Mains d'œuvre Finition | C17: 2 | D17: =IF(Tableau19[[#This Row],[Colonne1]]="Code Article","",IF(Tableau19[[#This Row],[Colonne1]]="","",VLOOKUP(Tableau19[[#This Row],[Colonne1]],'BASE DE DONNEES'!$A$1:$D$1141,3,FALSE))) -> h | E17: =IF(Tableau19[[#This Row],[Colonne1]]="Code Article","",IF(Tableau19[[#This Row],[Colonne1]]="","",VLOOKUP(Tableau19[[#This Row],[Colonne1]],'BASE DE DONNEES'!$A$1:$D$1141,4,FALSE))) -> 5 | F17: =IF(B17="","",C17*E17) -> 10 | J17: MOBE | K17: =SUMIF(Tableau19[#All],"MOBE01",Tableau19[[#All],[Colonne3]])*C13 -> 0
A18: MOBE01 | B18: =IF(Tableau19[[#This Row],[Colonne1]]="Code Article","",IF(Tableau19[[#This Row],[Colonne1]]="","",VLOOKUP(Tableau19[[#This Row],[Colonne1]],'BASE DE DONNEES'!$A$1:$D$1141,2,FALSE))) -> Mains d'œuvre Bureau d'étude | C18: 0 | D18: =IF(Tableau19[[#This Row],[Colonne1]]="Code Article","",IF(Tableau19[[#This Row],[Colonne1]]="","",VLOOKUP(Tableau19[[#This Row],[Colonne1]],'BASE DE DONNEES'!$A$1:$D$1141,3,FALSE))) -> h | E18: =IF(Tableau19[[#This Row],[Colonne1]]="Code Article","",IF(Tableau19[[#This Row],[Colonne1]]="","",VLOOKUP(Tableau19[[#This Row],[Colonne1]],'BASE DE DONNEES'!$A$1:$D$1141,4,FALSE))) -> 5 | F18: =IF(B18="","",C18*E18) -> 0
A20: Titre X | B20: Texte X | D20: U | E20: =SUM(F22:F25) -> 0 | F20: =E20*C20 -> 0 | G20: =E20*$K$2 -> 0 | H20: =G20*C20 -> 0 | J20: Tableau X
B21: Texte à insérer | J21: MOC | K21: =SUMIF(Tableau19[#All],"MOC01",Tableau19[[#All],[Colonne3]])*C20 -> 0
A22: Code Article | B22: =IF(Tableau110[[#This Row],[Colonne1]]="Code Article","",IF(Tableau110[[#This Row],[Colonne1]]="","",VLOOKUP(Tableau110[[#This Row],[Colonne1]],'BASE DE DONNEES'!$A$1:$D$1141,2,FALSE))) | D22: =IF(Tableau110[[#This Row],[Colonne1]]="Code Article","",IF(Tableau110[[#This Row],[Colonne1]]="","",VLOOKUP(Tableau110[[#This Row],[Colonne1]],'BASE DE DONNEES'!$A$1:$D$1141,3,FALSE))) | E22: =IF(Tableau110[[#This Row],[Colonne1]]="Code Article","",IF(Tableau110[[#This Row],[Colonne1]]="","",VLOOKUP(Tableau110[[#This Row],[Colonne1]],'BASE DE DONNEES'!$A$1:$D$1141,4,FALSE))) | F22: =IF(B22="","",C22*E22) | J22: MOA | K22: =SUMIF(Tableau19[#All],"MOA01",Tableau19[[#All],[Colonne3]])*C20 -> 0
A23: Code Article | B23: =IF(Tableau110[[#This Row],[Colonne1]]="Code Article","",IF(Tableau110[[#This Row],[Colonne1]]="","",VLOOKUP(Tableau110[[#This Row],[Colonne1]],'BASE DE DONNEES'!$A$1:$D$1141,2,FALSE))) | D23: =IF(Tableau110[[#This Row],[Colonne1]]="Code Article","",IF(Tableau110[[#This Row],[Colonne1]]="","",VLOOKUP(Tableau110[[#This Row],[Colonne1]],'BASE DE DONNEES'!$A$1:$D$1141,3,FALSE))) | E23: =IF(Tableau110[[#This Row],[Colonne1]]="Code Article","",IF(Tableau110[[#This Row],[Colonne1]]="","",VLOOKUP(Tableau110[[#This Row],[Colonne1]],'BASE DE DONNEES'!$A$1:$D$1141,4,FALSE))) | F23: =IF(B23="","",C23*E23) | J23: MOF | K23: =SUMIF(Tableau19[#All],"MOF01",Tableau19[[#All],[Colonne3]])*C20 -> 0
A24: Code Article | B24: =IF(Tableau110[[#This Row],[Colonne1]]="Code Article","",IF(Tableau110[[#This Row],[Colonne1]]="","",VLOOKUP(Tableau110[[#This Row],[Colonne1]],'BASE DE DONNEES'!$A$1:$D$1141,2,FALSE))) | D24: =IF(Tableau110[[#This Row],[Colonne1]]="Code Article","",IF(Tableau110[[#This Row],[Colonne1]]="","",VLOOKUP(Tableau110[[#This Row],[Colonne1]],'BASE DE DONNEES'!$A$1:$D$1141,3,FALSE))) | E24: =IF(Tableau110[[#This Row],[Colonne1]]="Code Article","",IF(Tableau110[[#This Row],[Colonne1]]="","",VLOOKUP(Tableau110[[#This Row],[Colonne1]],'BASE DE DONNEES'!$A$1:$D$1141,4,FALSE))) | F24: =IF(B24="","",C24*E24) | J24: MOBE | K24: =SUMIF(Tableau19[#All],"MOBE01",Tableau19[[#All],[Colonne3]])*C20 -> 0
A25: Code Article | B25: =IF(Tableau110[[#This Row],[Colonne1]]="Code Article","",IF(Tableau110[[#This Row],[Colonne1]]="","",VLOOKUP(Tableau110[[#This Row],[Colonne1]],'BASE DE DONNEES'!$A$1:$D$1141,2,FALSE))) | D25: =IF(Tableau110[[#This Row],[Colonne1]]="Code Article","",IF(Tableau110[[#This Row],[Colonne1]]="","",VLOOKUP(Tableau110[[#This Row],[Colonne1]],'BASE DE DONNEES'!$A$1:$D$1141,3,FALSE))) | E25: =IF(Tableau110[[#This Row],[Colonne1]]="Code Article","",IF(Tableau110[[#This Row],[Colonne1]]="","",VLOOKUP(Tableau110[[#This Row],[Colonne1]],'BASE DE DONNEES'!$A$1:$D$1141,4,FALSE))) | F25: =IF(B25="","",C25*E25)
D28: TOTAL MOC | F28: =SUMIF(J6:K25,"MOC",K6:K25) -> 30
D29: TOTAL MOA | F29: =SUMIF(J7:K26,"MOA",K7:K26) -> 20
D30: TOTAL MOF | F30: =SUMIF(J8:K27,"MOF",K8:K27) -> 11
D31: TOTAL MOBE | F31: =SUMIF(J9:K28,"MOBE",K9:K28) -> 1
D33: Total DS | F33: =SUM(H6:H12)/K2 -> 70
D34: Total Vendu hors option | F34: =F33*K2 -> 78.5477
D35: Total Vendu avec option | F35: =F33*K2 -> 78.5477

Sheet BASE DE DONNEES
A1: Code | B1: Désignation | C1: Unité | D1: Prix U HT | E1: Fournisseur | F1: Date actualisation
A2: Bande de chant
A3: BCB23.1 | B3: Chant Blanc W908 ST2 23 x 1 + colle | C3: ml | D3: 5 | F3: 44866
A4: BCPS23.1 | B4: Chant Perfect Sense 23 x 1 + colle | C4: ml | D4: 5 | F4: 44866
A5: BCPS43.1 | B5: Chant Perfect Sense 43 x 1 + colle | C5: ml | D5: 5 | F5: 44866
A6: BCB43.1 | B6: Chant Blanc W908 ST2 43 x 1 + colle | C6: ml | D6: 5 | F6: 44866
A7: BCE23.1 | B7: Chant décors EGGER 23 x 1 + colle | C7: ml | D7: 5 | F7: 44866
A8: BCE43.1 | B8: Chant décors EGGER 43 x 1 + colle | C8: ml | D8: 5 | F8: 44866
A10: Bois massif
A11: ERA | B11: Erable Massif | C11: m3 | D11: 5 | F11: 44866
A12: Epicéa 54 | B12: Epicéa 54mm | C12: m3 | D12: 5 | F12: 44866
A13: Chêne 80 | B13: Chêne massif qualité A 80mm | C13: m3 | D13: 5 | F13: 44866
A14: Chêne 27 | B14: Chêne massif qualité BME 27mm | C14: m3 | D14: 5 | F14: 44895
A15: Hêtre 27 | B15: Hêtre massif 27 mm | C15: m3 | D15: 5 | F15: 44887
A17: Bois d'ossature
A18: TassB30 | B18: Tasseaux bois 30x30 sapin posé | C18: ml | D18: 5 | F18: 44866
A19: TassB30ch | B19: Tasseaux bois 30x30 Chene posé | C19: ml | D19: 5 | F19: 44866
A20: CarH63x105 | B20: Carrelet Hêtre étuvé KKK 63x105x2200 | C20: ml | D20: 5 | F20: 44890
A21: CarH63x122 | B21: Carrelet Hêtre étuvé KKK 63x122x2200 | C21: ml | D21: 5 | F21: 44890
A22: OSSA45x220 | B22: Bois d'ossature Epicéa C24 45x220 mm 5,10 ml | C22: ml | D22: 5 | F22: 44901
A23: KVH45x95 | B23: KVH 45x95 en 13ml CL2 | C23: ml | D23: 5 | F23: 44893
A24: KVH45x220 | B24: KVH 45x220 en 13ml CL2 | C24: ml | D24: 5 | F24: 44901
A26: Bloc Portes et Portes
A27: BPAP83stK | B27: BP 830x2040 stratifié KEYOR | C27: U | D27: 5 | F27: 44866
A28: BPAP93stK | B28: BP 930x2040 stratifié KEYOR | C28: U | D28: 5 | F28: 44866
A29: BPAP186stK | B29: BP 930+930x2040 stratifié KEYOR | C29: U | D29: 5 | F29: 44866
A30: BPMGL67-83 | B30: BP 830x2040 L67 Menuiserie Georges | C30: U | D30: 5 | F30: 44866
A31: BPEI6093stK | B31: BP EI60 930x2040 stratifié KEYOR | C31: U | D31: 5 | F31: 44887
A32: BPAPISO93 | B32: BP Isotherme 930x2040 CHAUVAT | C32: U | D32: 5 | F32: 44866
A33: PAP930 | B33: Porte âme pleine 930x2040 prêt à peindre | C33: U | D33: 5 | F33: 44889
A34: PAP830 | B34: Porte âme pleine 830x2040 prêt à peindre | C34: U | D34: 5 | F34: 44889
A35: PAP530 | B35: Porte âme pleine 530x2040 prêt à peindre | C35: U | D35: 5 | F35: 44889
A36: PEI30-930 | B36: Porte EI30 930x2040 prêt à peindre | C36: U | D36: 5 | F36: 44890
A37: PEI30-830 | B37: Porte EI30 830x2040 prêt à peindre | C37: U | D37: 5 | F37: 44890
A38: PEI30-730 | B38: Porte EI30 730x2040 prêt à peindre | C38: U | D38: 5 | F38: 44890
... A48: OcculR1200/400 | B48: Kit Occulus rectangulaire 1200x400 clair | C48: U | D48: 5 | F48: 44890
A50: Caisson Agencement
A51: CaissonM2vtx | B51: Caisson mélaminé blanc 2 vantaux 800x1200x400 | C51: U | D51: 5 | F51: 44866
A53: Consommables
A54: DC | B54: Divers Consommables / caisson | C54: U | D54: 5 | F54: 44866
A55: CPF | B55: Conso porte fenêtre | C55: Ens | D55: 5 | F55: 44866
A57: Couvre joints + baguette de finition
A58: BGAAPIN45 | B58: Baguette d'angle arrondie pin des landes 45x45x2400 mm | C58: ml | D58: 5 | F58: 44880
A60: Escalier
A61: MCHTD42 | B61: Mains courante en hêtre vernis naturel D42 | C61: ml | D61: 5 | F61: 44866
A63: Finition
A64: FVSM2C | B64: Finition Vernis Satiné Mat 2 couches QT234-15 (2.5m²/L 2 couches comprise) | C64: L | D64: 5 | F64: 44866
A65: FVSM3C | B65: Finition Vernis Satiné Mat 3 couches QT234-15 (1.7m²/L 3 couches comprise) | C65: m² | D65: 5 | F65: 44867
A66: Laque | B66: Laque | C66: m² | D66: 5 | F66: 44866
A67: VernisI | B67: Vernis incolore | C67: m² | D67: 5 | F67: 44866
A68: PP int | B68: Prépeinture 2 couche intérieur | C68: m² | D68: 5 | F68: 44900
A69: HBLP | B69: Huile BLANCHON Parquet aspect Mat Incolore (5m²/ L pour 3 couches) | C69: L | D69: 5 | F69: 44902
A71: Instalation de chantier
A72: Echaf roulant | B72: Echafaudage roulant mise à disposition | C72: J | D72: 5 | F72: 44901
A74: Isolant
A75: LDV 100P | B75: Panneau de laine de verre de 100mm R=2,65 1350x600 mm | C75: m² | D75: 5 | F75: 44900
A77: Joints de menuiserie
A78: Jt TPESV | B78: Joint d'huisserie TPE SV 715 F 15mm noir rouleau de 150ml | C78: ml | D78: 5 | F78: 44890
A79: Jt EI30 | B79: Joints coupe feu 20x2mm adhésif | C79: ml | D79: 5 | F79: 44890
A80: BD Arase | B80: Bande d'arrase avec joints d'étanchéité largeur 250 mm rouleaux de 24ml | C80: ml | D80: 5 | F80: 44893
A82: Mains d'œuvre
A83: MOC01 | B83: Mains d'œuvre Chantier | C83: h | D83: 5 | F83: 44866
A84: MOF01 | B84: Mains d'œuvre Finition | C84: h | D84: 5 | F84: 44866
A85: MOA01 | B85: Mains d'œuvre Atelier | C85: h | D85: 5 | F85: 44866
A86: MOBE01 | B86: Mains d'œuvre Bureau d'étude | C86: h | D86: 5 | F86: 44866
A88: Panneaux
A89: OSB3P12 | B89: Panneau OSB3 12 mm | C89: m² | F89: 44889
A90: OSB3P15 | B90: Panneau OSB3 15 mm | C90: m² | F90: 44889
A91: OSB3P22 | B91: Panneau OSB3 22 mm | C91: m² | F91: 44889
A92: OSB3D12 | B92: Dalle OSB3 12mm 2800x1196 mm | C92: m² | F92: 44901
A93: MB19 | B93: EGGER W908 ST2 Ep19 | C93: m² | F93: 44866
A94: MB16 | B94: EGGER W908 ST2 Ep16 | C94: m² | F94: 44866
A95: MB8 | B95: EGGER W908 ST2 Ep8 | C95: m² | F95: 44866
A96: ME19 | B96: EGGER Décors Ep19 | C96: m² | F96: 44866
A97: MPS19 | B97: EGGER Perfect Sense Ep19 | C97: m² | F97: 44866
A98: MDF22 | B98: MDF Médiland 2800 x 2070 x 22 | C98: m² | F98: 44866
A99: MDF19 | B99: MDF Médiland 2800 x 2070 x 19 | C99: m² | F99: 44866
A100: MDF16 | B100: MDF Médiland 2800 x 2070 x 16 | C100: m² | F100: 44866
... A130: CP+liege | B130: CP + Liège | C130: m² | F130: 44866
A132: Parquets
A133: PCTCPAL52737S | B133: Parquet Contrecollé chêne naturel finition extra mat 14x190x1820 mm | C133: m² | F133: 44880
A134: SCQSTPB | B134: Sous couche Quick Step Basic rouleaux de 15m² | C134: m² | F134: 44866
A135: BDSPLAT | B135: Barre de seuil plat aluminium | C135: ml | F135: 44866
A136: BDSPENTE | B136: Barre de seuil différence de niveau alu | C136: ml | F136: 44866
A137: PST1855 | B137: Parquet Stratifié impressive Ultra IMU1855 12 mm | C137: m² | F137: 44880
A139: Plan de Travail
A140: Planstrat38 | B140: Plan de travail stratifié 38mm | C140: U | F140: 44866
A142: Plinthes
A143: Plinmdf10 | B143: Plinthes MDF 10mm posée | C143: ml
A144: PlinQScolor80 | B144: Plinthe Quick-step parquet couleur dito parquet | C144: ml | F144: 44866
A146: Quincaillerie Agencement
A147: QCI110 | B147: Charnière Clip Top Blumotion 110° + Embase | C147: U | F147: 44866
A148: QCI155 | B148: Charnière Clip Top Blumotion 155° + Embase | C148: U | F148: 44867
A149: Pend Coul | B149: Penderie frontale coulissante L455 chromé ou gris anthracite EID | C149: U | F149: 44895
A150: QPM | B150: Pieds Axilo 100mm + Embase | C150: U | F150: 44866
A151: Q807 | B151: Attache élément Supendu CAMAR 807+plaque 120x120 | C151: U | F151: 44865
A152: Q801 | B152: Attache élément Supendu CAMAR 801 | C152: U | F152: 44866
A153: QTIPON | B153: Tip-On version longue avec butée + Embase | C153: U | F153: 44866
A154: QPOI | B154: Poignée BATIFER | C154: U | F154: 44866
A155: QBOU | B155: Bouton | C155: U | F155: 44866
...

Sheet DEVIS
A1: Client :
A2: Nom du client
A3: Adresse client
A4: Ville, code postal | D4: =TODAY() -> 44903
A5: mail : | B5: mail@client
A7: Code | B7: Désignation | C7: Quantité | D7: Unité | E7: Prix U/HT | F7: Prix Total HT
B8: =IF(ISBLANK(A8),"",VLOOKUP($A8,DEBOURSE!$A$5:$H$984,2,FALSE)) | C8: =IF(ISBLANK(A8),"",VLOOKUP($A8,DEBOURSE!$A$5:$H$984,3,FALSE)) | D8: =IF(ISBLANK(A8),"",VLOOKUP($A8,DEBOURSE!$A$5:$H$984,4,FALSE)) | E8: =IF(ISBLANK(A8),"",ROUNDUP(VLOOKUP($A8,DEBOURSE!$A$5:$H$984,7,FALSE),0)) | F8: =IF(ISBLANK(A8),"",E8*C8)
B9: {=IF(ISBLANK(A8),"",INDEX(DEBOURSE!$A$1:$H$984,MATCH(A8,DEBOURSE!$A$1:$A$984,0)+1,2))}
B10: =IF(ISBLANK(A10),"",VLOOKUP($A10,DEBOURSE!$A$5:$H$984,2,FALSE)) | C10: =IF(ISBLANK(A10),"",VLOOKUP($A10,DEBOURSE!$A$5:$H$984,3,FALSE)) | D10: =IF(ISBLANK(A10),"",VLOOKUP($A10,DEBOURSE!$A$5:$H$984,4,FALSE)) | E10: =IF(ISBLANK(A10),"",ROUNDUP(VLOOKUP($A10,DEBOURSE!$A$5:$H$984,7,FALSE),0)) | F10: =IF(ISBLANK(A10),"",E10*C10)
B11: {=IF(ISBLANK(A10),"",INDEX(DEBOURSE!$A$1:$H$984,MATCH(A10,DEBOURSE!$A$1:$A$984,0)+1,2))}
B12: =IF(ISBLANK(A12),"",VLOOKUP($A12,DEBOURSE!$A$5:$H$984,2,FALSE)) | C12: =IF(ISBLANK(A12),"",VLOOKUP($A12,DEBOURSE!$A$5:$H$984,3,FALSE)) | D12: =IF(ISBLANK(A12),"",VLOOKUP($A12,DEBOURSE!$A$5:$H$984,4,FALSE)) | E12: =IF(ISBLANK(A12),"",ROUNDUP(VLOOKUP($A12,DEBOURSE!$A$5:$H$984,7,FALSE),0)) | F12: =IF(ISBLANK(A12),"",E12*C12)
B13: {=IF(ISBLANK(A12),"",INDEX(DEBOURSE!$A$1:$H$984,MATCH(A12,DEBOURSE!$A$1:$A$984,0)+1,2))}
B14: =IF(ISBLANK(A14),"",VLOOKUP($A14,DEBOURSE!$A$5:$H$984,2,FALSE)) | C14: =IF(ISBLANK(A14),"",VLOOKUP($A14,DEBOURSE!$A$5:$H$984,3,FALSE)) | D14: =IF(ISBLANK(A14),"",VLOOKUP($A14,DEBOURSE!$A$5:$H$984,4,FALSE)) | E14: =IF(ISBLANK(A14),"",ROUNDUP(VLOOKUP($A14,DEBOURSE!$A$5:$H$984,7,FALSE),0)) | F14: =IF(ISBLANK(A14),"",E14*C14)
B15: {=IF(ISBLANK(A14),"",INDEX(DEBOURSE!$A$1:$H$984,MATCH(A14,DEBOURSE!$A$1:$A$984,0)+1,2))}
B16: =IF(ISBLANK(A16),"",VLOOKUP($A16,DEBOURSE!$A$5:$H$984,2,FALSE)) | C16: =IF(ISBLANK(A16),"",VLOOKUP($A16,DEBOURSE!$A$5:$H$984,3,FALSE)) | D16: =IF(ISBLANK(A16),"",VLOOKUP($A16,DEBOURSE!$A$5:$H$984,4,FALSE)) | E16: =IF(ISBLANK(A16),"",ROUNDUP(VLOOKUP($A16,DEBOURSE!$A$5:$H$984,7,FALSE),0)) | F16: =IF(ISBLANK(A16),"",E16*C16)
B17: {=IF(ISBLANK(A16),"",INDEX(DEBOURSE!$A$1:$H$984,MATCH(A16,DEBOURSE!$A$1:$A$984,0)+1,2))}
E19: Total HT | F19: =SUM(F8:F17) -> 0
D20: TVA | E20: 0.2 | F20: =F19*E20 -> 0
E21: TOTAL TTC | F21: =F19+F20 -> 0
